 Dungeon Crawl Stone Soup version 0.32-a0-931-g5a2cda0630 (webtiles) character file.

Game seed: 11716884860195329955

10887 whatisthis the Thaumaturge (level 11, -3/64 HPs)
             Began as a Deep Elf Air Elementalist on Apr 13, 2024.
             Was a Believer of Sif Muna.
             Slain by a gargoyle
             ... wielding a +0 flail
              (22 damage)
             ... on level 10 of the Dungeon.
             The game lasted 00:39:00 (14095 turns).

whatisthis the Thaumaturge (DEAE)                  Turns: 14095, Time: 00:39:01

Health: -3/64      AC:  9    Str: 11    XL:     11   Next: 42%
Magic:  7/29       EV: 11    Int: 25    God:    Sif Muna [**....]
Gold:   609        SH:  0    Dex: 15    Spells: 21/35 levels left

rFire   . . .        g - +2 whip (elec)
rCold   . . .        (no shield)
rNeg    . . .        J - +0 steam dragon scales
rPois   .            (no helmet)
rElec   .            v - +2 cloak
rCorr   .            (no gloves)
SInv    +            c - +0 pair of boots
Will    +....        (no amulet)
Stlth   +++          z - +6 ring of strength
HPRegen 0.30/turn    I - ring of see invisible
MPRegen 0.21/turn

%: no passive effects
@: no status effects
A: no striking features
a: Renounce Religion, Channel Magic


You were on level 10 of the Dungeon.
You worshipped Sif Muna.
Sif Muna was pleased with you.
You visited 2 branches of the dungeon, and saw 12 of its levels.

You collected 609 gold pieces.

Inventory:

Hand Weapons
 g - a +2 whip of electrocution (weapon)
 F - the +5 war axe of Eternal Vigilance {holy, rF- Str+4 Int+5}
   (You found it on level 7 of the Dungeon)

   Str+4:     It affects your strength (+4).
   Int+5:     It affects your intelligence (+5).
   rF-:       It makes you vulnerable to fire.
Missiles
 p - 23 poisoned darts
 A - 2 throwing nets (quivered)
Armour
 c - a +0 pair of boots (worn)
 v - a +2 cloak (worn)
 B - a +1 robe of fire resistance
 J - +0 steam dragon scales (worn)
Jewellery
 z - a +6 ring of strength (left hand)
 D - a +6 ring of strength
 I - a ring of see invisible (right hand)
Wands
 a - a wand of light (4)
 i - a wand of flame (57)
 w - a wand of charming (17)
 C - a wand of polymorph (8)
 E - a wand of roots (7)
 M - a wand of mindburst (3)
Scrolls
 d - 2 scrolls of poison
 j - 2 scrolls of blinking
 l - 2 scrolls of fog
 m - a scroll of revelation
 n - 7 scrolls of teleportation
 q - 3 scrolls of vulnerability
 s - 2 scrolls of enchant weapon
 u - a scroll of immolation
 y - a scroll of silence
 H - a scroll of noise
 K - a scroll of brand weapon {unknown}
Potions
 b - a potion of cancellation
 e - a potion of lignification {unknown}
 f - 2 potions of resistance
 h - 2 potions of haste {unknown}
 k - a potion of attraction {unknown}
 o - a potion of magic
 r - 3 potions of curing {unknown}
 t - 3 potions of heal wounds
 x - a potion of mutation {unknown}
 G - a potion of experience {unknown}
 L - a potion of berserk rage {unknown}
 N - a potion of enlightenment {unknown}


   Skills:
 + Level 5.7 Fighting
 - Level 2.4 Dodging
 - Level 6.1 Stealth
 + Level 12.5 Spellcasting
 + Level 10.4 Conjurations
 + Level 10.8 Air Magic


You had 21 spell levels left.
You knew the following spells:

 Your Spells              Type           Power      Damage    Failure   Level
a - Shock                 Conj/Air       100%       1d9       1%          1
b - Static Discharge      Conj/Air       100%       3-8/arc   1%          2
c - Swiftness             Air            63%        N/A       1%          3
d - Airstrike             Air            31%        2d(5-21)  1%          4
e - Iskenderun's Mystic Conj/Tloc 41%            2d9        (+2d5     4%          4

Your spell library contained the following spells:

 Spells                   Type           Power      Damage    Failure   Level
 Iskenderun's Battlesphe  Conj           61%        2d11      1%          5
 Summon Small Mammal      Summ           60%        N/A       3%          1
 Brom's Barrelling Bould  Conj/Erth      41%        2d6       4%          4
 Conjure Ball Lightning   Conj/Air       31%        3x3d10    8%          6
 Call Canine Familiar     Summ           15%        N/A       12%         3
 Inner Flame              Hex/Fire       15%        N/A       12%         3
 Sigil of Binding         Hex            15%        N/A       12%         3
 Teleport Other           Tloc           15%        N/A       12%         3
 Tukima's Dance           Hex            15%        N/A       12%         3
 Volatile Blastmotes      Fire/Tloc      30%        2d12      12%         3
 Fireball                 Conj/Fire      20%        3d10      12%         5
 Irradiate                Conj/Alch      20%        3d18      12%         5
 Dimensional Bullseye     Hex/Tloc       7%         N/A       36%         4
 Summon Blazeheart Golem  Fire/Summ      15%        N/A       36%         4
 Orb of Destruction       Conj           30%        9d10      41%         7
 Bombard                  Conj/Erth      20%        9d4       56%         6
 Spellforged Servitor     Conj/Summ      20%        N/A       98%         7
 Dispersal                Tloc           7%         N/A       99%         6
 Summon Hydra             Summ           7%         N/A       100%        7
 Ignition                 Fire           7%         3d5       100%        8


Dungeon Overview and Level Annotations

Branches:
Dungeon (11/15)            Temple (1/1) D:5            Lair (0/5) D:10
    Orc (0/2) D:9

Altars:
Ashenzari
Cheibriados
Dithmenos
Elyvilon
Fedhas
Gozag
Hepliaklqana
Kikubaaqudgha
Makhleb
Nemelex Xobeh
Okawaru
Qazlal
Ru
Sif Muna
Trog
Uskayaw
Vehumet
Wu Jian
Xom
Yredelemnul
Zin
The Shining One

Shops:
D:3 ?   D:7 [*[*[   D:8 [   D:10 *

Annotations:
D:5 1 exclusion


Message History

Casting: Airstrike (dangerous; 1% risk of failure)
Confirm with . or Enter, or press ? or * to list all spells.
Aiming: Airstrike (dangerous; 1% risk of failure)
Press: ? - help, Dir - move target, f/p - Erica
Aim: Erica, wielding a +1 scimitar of flaming and wearing a ring of positive energy (severely wounded, slightly transparent, empty space bonus: 8/8)
The air twists around and strikes Erica!!
You kill Erica!
Sif Muna accepts your kill. The gargoyle hits you with a +0 flail!!
The gargoyle hits you with a +0 flail!
You climb upwards.
There is a stone staircase leading down here.
Unknown command.
Casting: Airstrike (safe; 1% risk of failure)
Confirm with . or Enter, or press ? or * to list all spells.
You erupt in a blast of force!
The mystic blast hits the gargoyle but does no damage.
The gargoyle hits you with a +0 flail!
* * * LOW HITPOINT WARNING * * *
Unknown command.
Unknown command.
Casting: Iskenderun's Mystic Blast (dangerous; 4% risk of failure)
Confirm with . or Enter, or press ? or * to list all spells.
You erupt in a blast of force!
The mystic blast hits the gargoyle but does no damage.
The gargoyle closely misses you.
Unknown command.
Unknown command.
Aiming: Mindburst
Press: ? - help, Shift-Dir - straight line, f - gargoyle
Aim: a gargoyle, wielding a +0 flail (chance to affect: 47%)
Okay, then.
Okay, then.
Throw: 3 throwing nets
Press: ? - help, Q - select action, (/) - cycle Shift-Dir - straight line, f - gargoyle
Aim: a gargoyle, wielding a +0 flail (73% to hit)
You throw a throwing net.
The throwing net barely misses the gargoyle.
The gargoyle hits you with a +0 flail!!
You die...

.................#..#.........#..
.................#......#########
.................#......#......#.
..########..######..#####......#.
)........#.......#..#..........##
.........#..........#............
####.....#..#....#..#............
...#..#######....#..#...#.)....#.
...#..#..#......@#......#......#.
...#..#.<#.....9.#......#......#.
...####..#....(..#..#..........##
......#..#..#########..........#.
......#'##.....................#.
####.##.##..........#####......#.
#..###...##.........#..........#.
##'##.....##'##..####..........#.
#...##...##...##.#..#..........#.


You could see a gargoyle.

Vanquished Creatures
  Josephine (D:10)
  A two-headed ogre (D:9)
  Erica (D:11)
  An elephant (D:10)
  Maggie (D:10)
  An unseen horror (D:10)
  A komodo dragon (D:10)
  2 trolls
  Prince Ribbit (D:8)
  A wyvern (D:10)
  6 wraiths
  16 yaks
  A shadow (D:10)
  A steam dragon (D:8)
  Edmund (D:4)
  Duvessa (D:6)
  2 orc warriors
  3 sky beasts
  3 ogres
  3 black bears
  3 centaurs
  A lemure (D:8)
  A kobold brigand (D:9)
  4 bullfrogs
  Blork the orc (D:4)
  2 gnoll sergeants
  4 scorpions
  10 wights
  Dowan (D:6)
  9 killer bees
  A howler monkey (D:3)
  A hound (D:8)
  2 orc priests
  A jelly (D:5)
  An iguana (D:5)
  3 sleepcaps
  An orc wizard (D:7)
  7 adders
  17 gnolls
  A white imp (D:7)
  2 ufetubi (D:6)
  5 ribbon worms
  5 dart slugs
  16 orcs
  6 bats
  7 endoplasms
  2 giant cockroaches
  5 goblins
  6 hobgoblins
  5 quokkas
  4 ball pythons
  8 frilled lizards
  8 kobolds
  5 rats
203 creatures vanquished.

Vanquished Creatures (others)
  Sigmund (D:6)
1 creature vanquished.

Grand Total: 204 creatures vanquished

Notes
Turn   | Place    | Note
-------+----------+-------------------------------------------
     0 | D:1      | whatisthis the Deep Elf Air Elementalist began the quest
                  | for the Orb.
     0 | D:1      | Reached XP level 1. HP: 10/10 MP: 6/6
   204 | D:1      | Reached XP level 2. HP: 9/15 MP: 4/8
   232 | D:1      | Learned a level 2 spell: Static Discharge
   788 | D:2      | Identified the +3 ring mail of Daisies {+Inv}
   795 | D:2      | Reached XP level 3. HP: 19/19 MP: 3/10
   870 | D:2      | Learned a level 3 spell: Swiftness
  1308 | D:2      | Reached XP level 4. HP: 20/24 MP: 2/11
  1738 | D:2      | Reached skill level 4 in Spellcasting
  2101 | D:3      | Found Wihopsup's Magic Scroll Emporium.
  2459 | D:3      | Reached XP level 5. HP: 28/28 MP: 9/13
  3063 | D:4      | Found an iron altar of Okawaru.
  3069 | D:4      | Learned a level 4 spell: Airstrike
  3070 | D:4      | Noticed Blork the orc
  3085 | D:4      | Killed Blork the orc
  3086 | D:4      | Reached skill level 5 in Spellcasting
  3086 | D:4      | Reached XP level 6. HP: 24/32 MP: 12/15
  3479 | D:4      | You fall into a shaft and drop 1 floor!
  3479 | D:5      | Entered Level 5 of the Dungeon
  3493 | D:5      | Reached skill level 5 in Stealth
  3493 | D:5      | Reached skill level 5 in Air Magic
  3563 | D:4      | Noticed Edmund
  3570 | D:4      | Killed Edmund
  3571 | D:4      | Reached XP level 7. HP: 36/36 MP: 1/17
  4344 | D:5      | Reached skill level 6 in Spellcasting
  4888 | D:5      | Found a sacrificial altar of Ru.
  4900 | D:5      | Reached skill level 5 in Conjurations
  4996 | D:5      | Found a staircase to the Ecumenical Temple.
  5071 | D:5      | Reached XP level 8. HP: 41/41 MP: 9/20
  5225 | D:5      | Noticed Sigmund
  5444 | D:6      | Reached skill level 7 in Spellcasting
  5518 | D:6      | Noticed Duvessa
  5953 | D:6      | Found a radiant altar of Vehumet.
  5996 | D:6      | Noticed Dowan
  6044 | D:6      | Got the Writings on the Sympathetic Vector
  6520 | D:6      | Killed Duvessa
  6643 | D:6      | Your ally Sigmund died
  6645 | D:6      | Killed Dowan
  6688 | Temple   | Entered the Ecumenical Temple
  6699 | Temple   | Became a worshipper of Sif Muna the Loreminder
  6746 | D:7      | Found Tisaumpe's Antique Armour Shoppe.
  6752 | D:7      | Reached skill level 8 in Spellcasting
  6909 | D:7      | Found Ydexzadd's Assorted Antiques.
  7278 | D:7      | Found Vipih's Antique Armour Shop.
  7355 | D:7      | Reached XP level 9. HP: 45/45 MP: 8/23
  7562 | D:7      | Found Deerale's Armour Emporium.
  7569 | D:7      | Identified the +5 war axe of Eternal Vigilance {holy, rF-
                  | Str+4 Int+5}
  7654 | D:7      | Found Pinuofen's Assorted Antiques.
  7720 | D:8      | Reached skill level 9 in Spellcasting
  7844 | D:8      | Found Cheibriados's Comfort Zone.
  7848 | D:8      | Found a snail-covered altar of Cheibriados.
  7947 | D:8      | Reached skill level 1 in Fighting
  8319 | D:8      | Reached * piety under Sif Muna
  8369 | D:8      | Noticed Prince Ribbit
  8378 | D:8      | Killed Prince Ribbit
  8899 | D:8      | Found a burning altar of Makhleb.
  8999 | D:8      | Learned a level 4 spell: Iskenderun's Mystic Blast
  9533 | D:9      | Noticed a troll
  9535 | D:9      | Killed a troll
  9536 | D:9      | Reached skill level 10 in Spellcasting
  9701 | D:9      | Noticed a two-headed ogre
  9705 | D:9      | Killed a two-headed ogre
  9706 | D:9      | Reached XP level 10. HP: 56/56 MP: 9/26
 10350 | D:9      | Found a staircase to the Orcish Mines.
 10384 | D:9      | Noticed a boulder beetle
 10758 | D:9      | Reached skill level 11 in Spellcasting
 10939 | D:10     | Entered Level 10 of the Dungeon
 11977 | D:10     | Noticed Maggie
 12029 | D:10     | Noticed an elephant
 12041 | D:10     | Killed an elephant
 12042 | D:10     | Reached skill level 10 in Air Magic
 12519 | D:10     | Killed Maggie
 12520 | D:10     | Reached skill level 5 in Fighting
 12520 | D:10     | Reached XP level 11. HP: 29/63 MP: 12/28
 12659 | D:10     | Reached skill level 12 in Spellcasting
 12757 | D:10     | Found Ompo's Neck Hole.
 12801 | D:10     | Found a staircase to the Lair.
 13238 | D:10     | Reached skill level 10 in Conjurations
 13363 | D:10     | Noticed Josephine
 13630 | D:10     | Killed Josephine
 13630 | D:10     | Reached ** piety under Sif Muna
 14086 | D:11     | Noticed Erica
 14090 | D:11     | Killed Erica
 14095 | D:10     | Slain by a gargoyle

Illustrated notes

Levels and vault maps discovered:
D:1:      lemuel_arrival_hallway, layout_rooms, minmay_tetromino_l4
D:2:      layout_rooms, bh_walls_and_bars
D:3:      wad_lake_hut, layout_basic, serial_shops, nicolae_shop_tiny_glass
D:4:      layout_rooms, mainiacjoe_overflow_chevrons, uniq_blork_the_orc,
          uniq_edmund
D:5:      layout_rooms, general_overflow_altar,
          minmay_temple_entry_from_below_a, kennysheep_potato, uniq_sigmund
D:6:      layout_basic, mainiacjoe_overflow_catwalk, uniq_duvessa
D:7:      layout_rooms, serial_shops, shop, nicolae_shop_getting_attention,
          nicolae_square_shop, nicolae_shop_behind_doors, nicolae_lakefront_shop
D:8:      layout_basic, makhleb_blood_cavern_becter, minmay_shop_chei,
          hellmonk_guarded_unrand_night, uniq_prince_ribbit1, uniq_pikel
D:9:      due_megacathedral, layout_irregular_city, orc_0_dummy
D:10:     layout_grid_maze, grunt_lair_entry_orc_guard_hut, minivault_26,
          nicolae_hexahallways, nicolae_shop_sticking_my_neck_out, uniq_maggie,
          uniq_josephine
D:11:     layout_gridville, enter_trove_2, minmay_liquid_box,
          nicolae_qazlal_style_of_elements, uniq_erica
Temple:   regret_index_temple_mists

Skill      XL: |  1  2  3  4  5  6  7  8  9 10 11 |
---------------+----------------------------------+-----
Stealth        | 3 4 5 6 |  6.1
Conjurations   | 2 3 4 5 6 8 9 10 | 10.4
Air Magic      | 4 5 6 7 9 10 | 10.8
Spellcasting   | 4 5 6 8 10 11 12 | 12.5
Fighting       | 3 5 |  5.7
Dodging        | |  2.4

Action                     |  1- 3 |  4- 6 |  7- 9 | 10-12 || total
---------------------------+-------+-------+-------+-------++-------
  Melee: Whip              |    38 |     3 |    18 |    13 ||    72
         War axe           |       |       |    13 |       ||    13
  Throw: Dart              |       |       |     2 |       ||     2
         Throwing net      |       |       |     2 |     1 ||     3
   Cast: Shock             |    65 |    93 |    63 |    20 ||   241
         Static Discharge  |     7 |    10 |    24 |     2 ||    43
         Swiftness         |       |     3 |     2 |     1 ||     6
         Airstrike         |       |     3 |    71 |   112 ||   186
         Iskenderun's Myst |       |       |       |    19 ||    19
  Evoke: Wand              |       |       |    13 |     3 ||    16
    Use: Potion            |       |     1 |     1 |       ||     2
         Scroll            |       |       |    15 |     1 ||    16
   Stab: Sleeping          |     2 |       |       |       ||     2
 Armour: Robe              |    40 |    16 |    65 |       ||   121
         Steam dragon scal |       |       |       |    37 ||    37
  Dodge: Dodged            |    42 |    16 |    46 |    14 ||   118

Table legend: (Time is in decaauts)
 A = Elapsed time spent in this place.
 B = Non-inter-level travel time spent in this place.
 C = Inter-level travel time spent in this place.
 D = Time resting spent in this place.
 E = Time spent auto-exploring this place.
 F = Levels seen in this place.
 G = Mean time per level.
                   A        B        C        D        E       F      G
               +--------+--------+--------+--------+--------+-----+--------+
         Total |  14151 |  13708 |    443 |   4953 |   5037 |  12 | 1179.2 |
       Dungeon |  14123 |  13690 |    433 |   4951 |   5037 |  11 | 1283.9 |
        Temple |     28 |     18 |     10 |      2 |      0 |   1 |   28.0 |
               +--------+--------+--------+--------+--------+-----+--------+

Top non-repeatable levels by time:
    D:10: 2790 daAuts
     D:8: 1591 daAuts
     D:9: 1569 daAuts
     D:5: 1379 daAuts
     D:6: 1334 daAuts
     D:7: 1184 daAuts
     D:3: 1165 daAuts
     D:2: 1119 daAuts
     D:4: 1014 daAuts
     D:1: 748 daAuts
    D:11: 225 daAuts
  Temple: 28 daAuts
